AoeStats
← Comend x comend

Arena

509468084Analyzed
4v4 RM · 4d ago on Sep 26, 2026· 41m 59s· 8 players
Game mode
Random Map
Map size
Large (8 player)
Population
200
Speed
Normal
Resources
Standard
Victory
Conquest
Starting age
Dark Age
Ending age
Imperial Age
RankedLock teamsTeams togetherTeam positionsShared explorationLock speedFull tech treeHidden civsTurbo modeCheats
Victory
Defeat
🇹🇷 Burgundians · Türkiye
1478
+11
🇲🇽 Teutons · Mexico
1467
+11
🇲🇽 Saxons · Mexico
1437
+12
🇨🇳 Cumans · China
1346
+17
🇵🇪 Mongols · Peru
1369
-13
🇵🇪 Turks · Peru
1369
-13
🇺🇸 Danes · United States
1360
-13
🇧🇷 Lithuanians · Brazil
1334
-12
Tilikoglu
5:45 Double-Bit Axe
10:50 Feudal Age
9:21 Horse Collar
14:57 Castle Age
13:21 Bow Saw
14:35 Heavy Plow
16:03 Wheelbarrow
17:58 Two-Man Saw
21:18 Crop Rotation
21:33 Gold Mining
21:45 Stone Mining
23:10 Gold Shaft Mining
23:45 Hand Cart
23:15 Loom
23:16 Town Watch
24:49 Scale Barding Armor
24:55 Forging
24:07 Cavalier
25:22 Husbandry
26:00 Chain Barding Armor
27:15 Iron Casting
34:31 Imperial Age
32:59 Stone Shaft Mining
33:38 Light Cavalry
34:19 Treadmill Crane
34:50 Masonry
34:52 Fortified Wall
35:52 Plate Barding Armor
36:17 Blast Furnace
36:19 Chemistry
35:40 Ballistics
35:37 Fortified Wall
35:50 Ballistics
35:02 Paladin
35:23 Hussar
41:34 Coinage
Seifer
5:56 Loom
8:27 Feudal Age
9:00 Double-Bit Axe
9:30 Town Watch
12:52 Horse Collar
21:25 Castle Age
20:25 Wheelbarrow
20:00 Stone Mining
22:39 Bow Saw
22:36 Heavy Plow
23:35 Fortified Wall
23:26 Gold Mining
29:04 Hand Cart
37:11 Imperial Age
37:28 Heavy Scorpion
38:17 Siege Engineers
38:35 Ballistics
El Papá
10:29 Feudal Age
14:59 Castle Age
13:04 Double-Bit Axe
14:31 Loom
15:43 Horse Collar
16:52 Bow Saw
22:46 Squires
22:49 Scale Mail Armor
22:54 Gold Mining
25:03 Arson
25:49 Stone Mining
26:24 Fletching
27:12 Wheelbarrow
26:43 Heavy Plow
29:01 Forging
31:46 Hand Cart
34:08 Imperial Age
34:14 Imperial Age
33:53 Chain Mail Armor
35:56 Iron Casting
36:32 Conscription
38:45 Chemistry
38:20 Elite Hearth Troop
39:06 Cranequins
40:20 Bodkin Arrow
40:26 Shield Wall
41:40 Ballistics
XXXXXXXXXIA
10:47 Feudal Age
16:45 Castle Age
16:20 Horse Collar
17:22 Loom
17:41 Double-Bit Axe
19:52 Wheelbarrow
23:06 Hand Cart
24:48 Bow Saw
28:16 Imperial Age
27:02 Scale Barding Armor
27:08 Forging
27:33 Heavy Plow
28:28 Bloodlines
30:42 Crop Rotation
31:17 Two-Man Saw
30:04 Elite Steppe Lancer
32:37 Chain Barding Armor
32:54 Iron Casting
33:09 Conscription
32:43 Gold Mining
32:45 Stone Mining
34:26 Plate Barding Armor
34:52 Light Cavalry
36:50 Blast Furnace
Comend x comend
12:46 Feudal Age
17:04 Castle Age
21:30 Imperial Age
19:24 Horse Collar
19:29 Double-Bit Axe
27:26 Town Watch
31:25 Loom
33:08 Wheelbarrow
33:25 Bloodlines
33:29 Forging
33:40 Husbandry
34:55 Heavy Camel Rider
38:14 Hand Cart
37:54 Gold Mining
el_Feist
10:31 Feudal Age
12:12 Double-Bit Axe
14:29 Castle Age
13:02 Horse Collar
15:37 Bow Saw
22:13 Scale Mail Armor
24:21 Squires
24:32 Forging
25:11 Arson
28:12 Chain Mail Armor
28:51 Wheelbarrow
28:40 Loom
31:41 Imperial Age
29:56 Chain Mail Armor
32:18 Iron Casting
33:03 Plate Mail Armor
35:59 Blast Furnace
35:06 Elite Jomsviking
35:34 Pikeman
36:59 Halberdier
38:07 Elite Varangian Guard
39:24 Capped Ram
kalioglu
9:39 Feudal Age
9:52 Loom
9:52 Man-at-Arms
16:52 Castle Age
15:45 Arson
16:10 Double-Bit Axe
24:26 Stone Mining
25:05 Horse Collar
25:36 Bow Saw
28:26 Fletching
31:47 Imperial Age
30:07 Wheelbarrow
30:27 Bloodlines
30:17 Husbandry
31:44 Ballistics
32:04 Heavy Plow
33:43 Chemistry
32:39 Bodkin Arrow
32:17 Capped Ram
34:01 Stone Shaft Mining
33:17 Gold Mining
33:48 Bracer
35:17 Padded Archer Armor
35:12 Elite Mangudai
36:57 Parthian Tactics
36:07 Siege Ram
37:36 Hand Cart
38:46 Drill
38:46 Conscription
LaddRusso
10:18 Feudal Age
12:05 Double-Bit Axe
14:36 Castle Age
12:37 Horse Collar
15:59 Bow Saw
16:40 Heavy Plow
22:24 Wheelbarrow
22:33 Loom
24:24 Hand Cart
26:20 Gold Mining
29:28 Imperial Age
27:18 Scale Barding Armor
27:25 Forging
28:30 Fletching
29:45 Bodkin Arrow
30:35 Chain Barding Armor
31:21 Bloodlines
31:52 Iron Casting
31:29 Stone Mining
31:15 Cavalier
33:15 Conscription
34:01 Chemistry
32:26 Light Cavalry
33:00 Paladin
34:58 Plate Barding Armor
36:38 Bracer
Connection lost

Rejoining the realm…

Still unreachable

The connection could not be restored.

Session expired

The server has moved on; the page needs a fresh start.